 Dungeon Crawl Stone Soup version 0.16.1-12-gf5c4a84 (webtiles) character file.

171 RepoMan the Firebug (level 5, -1/35 HPs)
             Began as a Mummy Fire Elementalist on Apr 10, 2015.
             Slain by a gnoll
             ... wielding a +0 flail
              (10 damage)
             ... on level 3 of the Dungeon.
             The game lasted 00:27:28 (3496 turns).

RepoMan the Firebug (Mummy Fire Elementalist)       Turns: 3496, Time: 00:27:29

Health: -1/35      AC:  3    Str: 11    XL:     5   Next: 26%
Magic:  5/10       EV: 12    Int: 15    God:
Gold:   237        SH:  0    Dex: 12    Spells: 4 memorised, 0 levels left

rFire  x . .     SeeInvis .     j - +0 mace (curse)
rCold  + . .     Clarity  .     a - +0 robe
rNeg   + + +     SustAb   .     (no shield)
rPois  ∞         Gourm    .     (no helmet)
rElec  .         Spirit   .     (no cloak)
rCorr  +         Warding  .     e - +0 pair of gloves
rMut   .         Stasis   .     (no boots)
MR     .....                    h - amulet of resist corrosion
Stlth  ++........               (no ring)
                                (no ring)

@: not resistant to hostile enchantments, unstealthy
A: no food or potions, fire vulnerability, restore body, cold resistance 1,
negative energy resistance 3, poison resistance, torment resistance, unbreathing
a: no special abilities


You were on level 3 of the Dungeon.
You were not hungry.

You visited 1 branch of the dungeon, and saw 4 of its levels.

You collected 237 gold pieces.

Inventory:

Hand weapons
 j - a cursed +0 mace (weapon)
 l - a +6 dagger of draining
Missiles
 c - 25 stones (quivered)
Armour
 a - a +0 robe (worn)
 e - a +0 pair of gloves (worn)
Jewellery
 h - an amulet of resist corrosion (around neck)
 q - an uncursed ring of sustain abilities {unknown}
Magical devices
 r - a wand of lightning (0)
Scrolls
 d - 2 scrolls of amnesia {unknown}
 f - 3 scrolls of identify {unknown}
 g - a scroll of fog {unknown}
 i - 2 scrolls of remove curse {unknown}
 k - a scroll of magic mapping {unknown}
 m - a scroll of blinking {unknown}
 n - a scroll of immolation {unknown}
 o - a scroll of recharging {unknown}
 p - a scroll of fear {unknown}
Books
 b - a book of Flames

   Spells                             Type                      Level
   a - Flame Tongue                   Conjuration/Fire             1
   b - Throw Flame                    Conjuration/Fire             2
   c - Conjure Flame                  Conjuration/Fire             3
   d - Inner Flame                    Hexes/Fire                   3
   e - Sticky Flame                   Conjuration/Fire             4
   f - Fireball                       Conjuration/Fire             5


   Skills:
 - Level 1.5 Dodging
 - Level 1.5 Stealth
 + Level 2.9 Spellcasting
 + Level 2.1 Conjurations
 * Level 3.9 Fire Magic


You couldn't memorise any spells.
You knew the following spells:

 Your Spells              Type           Power        Failure   Level  Hunger
a - Flame Tongue          Conj/Fire      ##...        8%          1    N/A
b - Throw Flame           Conj/Fire      ##....       12%         2    N/A
c - Conjure Flame         Conj/Fire      ##......     21%         3    N/A
i - Inner Flame           Hex/Fire       #.......     30%         3    N/A

Dungeon Overview and Level Annotations

Branches:
Dungeon (4/15)
 Temple: D:4-7

Altars:
Vehumet
The Shining One


Innate Abilities, Weirdness & Mutations

You do not eat or drink.
Your flesh is vulnerable to fire.
Your flesh is cold resistant.
You are immune to negative energy.
Your system is resistant to poisons.
You are immune to unholy pain and torment.
You can survive without breathing.


Message History

Read which item? (? for menu, Esc to quit)
Okay, then.
Evoke which item? (* to show all) (? for menu, Esc to quit)
Zapping:
r - a wand of lightning (will waste charges)
Press: ? - help, Shift-Dir - straight line You hear a mighty clap of thunder!
The bolt of lightning misses the gnoll.
Evoking this partially-identified wand wasted a few charges.
The gnoll misses you. The gnoll barely misses you.
The gnoll hits you with a spear.
* * * LOW HITPOINT WARNING * * *
Evoke which item? (* to show all) (? for menu, Esc to quit)
Zapping:
r - a wand of lightning {zapped: 3} (will waste charges)
Press: ? - help, Shift-Dir - straight line Nothing appears to happen.
The gnoll barely misses you.
Your magical contamination has completely faded away.
There is a stone staircase leading down here.
The gnoll hits you with a flail!
You die...

##..!........ #.#####.... . .
##..#.....#### ...#...... ...#
##..........# #...#.#..
...########..##......# ##..#.#.#
.............##...... #..#...#
....#...#..#.## #..#######....#.#
%..###.###.#..###......##..##.#.#
##.[#...#.........g###....#...#.g
#....._.........@g.######.#.#####
....#...#.........._.####...# #
...###.###.....#####...#..#.## ##
....#...#....#...###.........###.
...........#..........###..#....÷
..............†.......##.........
.......######........†.#.##.....#
.......# #..........#.##.....#
######## #.....!......##.....#


You could see 2 gnolls.

Vanquished Creatures
  An orc wizard (D:3)
  Ijyb (D:3)
  Jessica (D:2)
  A gnoll (D:3)
  An adder (D:3)
  3 worms
  An ooze (D:1)
  6 orcs
  2 giant cockroaches
  8 hobgoblins
  A jackal (D:2)
  3 ball pythons
  8 bats
  4 giant geckos
  2 giant newts
  7 goblins
  8 kobolds
  5 rats
63 creatures vanquished.

Notes
Turn   | Place    | Note
--------------------------------------------------------------
     0 | D:1      | RepoMan, the Mummy Fire Elementalist, began the quest for the Orb.
     0 | D:1      | Reached XP level 1. HP: 13/13 MP: 3/3
   651 | D:1      | Reached XP level 2. HP: 19/19 MP: 2/4
   669 | D:1      | Learned a level 2 spell: Throw Flame
  1108 | D:1      | Reached skill level 3 in Fire Magic
  1271 | D:1      | Reached skill level 1 in Conjurations
  1653 | D:2      | Reached XP level 3. HP: 24/24 MP: 2/6
  1715 | D:2      | Learned a level 3 spell: Conjure Flame
  1843 | D:2      | Noticed Jessica
  1849 | D:2      | Killed Jessica
  2418 | D:3      | Reached XP level 4. HP: 30/30 MP: 6/8
  2825 | D:3      | Found a radiant altar of Vehumet.
  2895 | D:3      | Found a glowing golden altar of the Shining One.
  3005 | D:3      | Noticed Ijyb
  3013 | D:3      | Killed Ijyb
  3095 | D:3      | Reached XP level 5. HP: 18/35 MP: 3/9
  3253 | D:3      | Learned a level 3 spell: Inner Flame
  3496 | D:3      | Slain by a gnoll

Action                   |  1- 3 |  4- 6 || total
-------------------------+-------+-------++-------
Melee: Mace              |    16 |    16 ||    32
       Unarmed           |     1 |       ||     1
Throw: Stone             |   115 |    48 ||   163
 Cast: Flame Tongue      |    61 |    55 ||   116
       Conjure Flame     |       |     1 ||     1
Evoke: Wand              |       |     1 ||     1
 Stab: Sleeping          |     1 |       ||     1
